 Dungeon Crawl Stone Soup version 0.31-a0-202-g547052bce9 (webtiles) character file.

Game seed: 14968377676284600939

90 qw the Shooter (level 4, -8/25 HPs)
             Began as a Deep Elf Hunter on June 26, 2023.
             Killed by nerve-wracking pain
             ... invoked by an orc priest
              (11 damage)
             ... on level 3 of the Dungeon.
             The game lasted 00:00:37 (1707 turns).

qw the Shooter (Deep Elf Hunter)                    Turns: 1707, Time: 00:00:37

Health: -8/25      AC:  7    Str:  9 (10) XL:     4   Next: 32%
Magic:  6/6        EV: 10    Int: 12 (14) God:
Gold:   147        SH:  0    Dex: 16 (18) Spells: 3/3 levels left

rFire   + . .        Y - +0 shortbow
rCold   + . .        (shield currently unavailable)
rNeg    . . .        k - +2 ring mail
rPois   +            (no helmet)
rElec   .            b - scarf {rC+ rF+}
rCorr   .            (no gloves)
SInv    .            (no boots)
Will    .....        (no amulet)
Stlth   +            j - ring of poison resistance
HPRegen 0.24/turn    (no ring)
MPRegen 0.10/turn

%: no passive effects
@: no status effects
A: no striking features
a: no special abilities


You were on level 3 of the Dungeon.
You visited 1 branch of the dungeon, and saw 3 of its levels.

You collected 147 gold pieces.


   Skills:
 - Level 1.5 Fighting
 + Level 7.7 Ranged Weapons
 - Level 2.4 Dodging
 - Level 1.2 Stealth


You had 3 spell levels left.
You didn't know any spells.
Your spell library was empty.

Inventory:

Hand Weapons
 Y - a +0 shortbow (weapon)
Armour
 b - a scarf of resistance (worn)
 h - a +1 robe of fire resistance
 k - a +2 ring mail (worn)
Jewellery
 a - a ring of poison resistance
 j - a ring of poison resistance (left hand)
Scrolls
 d - 2 scrolls of teleportation
 f - a scroll of identify

Dungeon Overview and Level Annotations

Branches:
Dungeon (3/15)

Altars:

Annotations:
D:3 Sigmund


Message History

You shoot an arrow. The arrow closely misses Sigmund.
The arrow hits the orc priest.
The orc priest is heavily wounded.
Sigmund gestures at you while chanting. The magic dart hits you.
An orc comes into view. It is wielding a +0 short sword.
You shoot an arrow.
The arrow hits Sigmund but does no damage.
Sigmund closely misses you.
You shoot an arrow. The arrow hits the orc priest.
The orc priest is heavily wounded.
Sigmund mumbles some strange words.
Sigmund flickers and vanishes!
Deactivating autopickup; reactivate with Ctrl-A.
The orc priest completely misses you.
You shoot an arrow.
The arrow closely misses the orc priest.
Something hits you.
The orc priest mumbles some strange prayers to Beogh against you.
Pain shoots through your body!
You shoot an arrow.
The arrow hits the orc priest but does no damage.
The orc priest is heavily wounded.
Something hits you.
The orc priest hits you but does no damage.
You shoot an arrow. The arrow barely misses the orc priest.
The orc priest casts a cantrip, but nothing happens.
Something hits you but does no damage.
You shoot an arrow.
The arrow hits the orc priest but does no damage.
The orc priest is heavily wounded.
The orc priest closely misses you.
You shoot an arrow. The arrow hits the orc priest.
The orc priest is almost dead.
Something hits you!
The orc priest invokes the aid of Beogh against you.
Pain shoots through your body! The orc misses you.
The orc priest invokes the aid of Beogh against you.
Pain shoots through your body!
You die...

#.. #)#
..# #.#
.... #.#
..... #.#
..#..
#%##.....
####).{..#
#.).@o...#
#....o...+
#........#
#........#
#........#
#........#
#.......<#
#........#
#.)......#


You could see an orc priest and an orc.

Vanquished Creatures
  An orc priest (D:2)
  An adder (D:2)
  A worm (D:2)
  4 orcs
  5 bats
  7 endoplasms
  A giant cockroach (D:1)
  4 goblins
  5 hobgoblins
  A quokka (D:2)
  3 ball pythons
  4 frilled lizards
  3 kobolds
  4 rats
44 creatures vanquished.

Notes
Turn   | Place    | Note
-------+----------+-------------------------------------------
     0 | D:1      | qw the Deep Elf Hunter began the quest for the Orb.
     0 | D:1      | Reached XP level 1. HP: 12/12 MP: 3/3
     0 | D:1      | 0 ||| qw: Version: 0.3-a-22-g0ed2b0b
     0 | D:1      | 0 ||| qw: Game counter: 5776
     0 | D:1      | 0 ||| qw: Melee chars always use a shield: true
     0 | D:1      | 0 ||| qw: God list: Okawaru
     0 | D:1      | 0 ||| qw: Allow faded altars: false
     0 | D:1      | 0 ||| qw: Do Orc after clearing Dungeon:15 true
     0 | D:1      | 0 ||| qw: Do second Lair branch before Depths: true
     0 | D:1      | 0 ||| qw: Lair rune preference: random
     0 | D:1      | 0 ||| qw: Goals: Normal
     0 | D:1      | 0 ||| PLANNING D:1-11
    97 | D:1      | HP: 3/12 [kobold/+0 club (3)]
   105 | D:1      | 105 ||| FLEEEEING.
   106 | D:1      | 106 ||| FLEEEEING.
   110 | D:1      | 110 ||| FLEEEEING.
   111 | D:1      | 111 ||| FLEEEEING.
   112 | D:1      | 112 ||| FLEEEEING.
   113 | D:1      | 113 ||| FLEEEEING.
   114 | D:1      | 114 ||| FLEEEEING.
   115 | D:1      | 115 ||| FLEEEEING.
   116 | D:1      | 116 ||| FLEEEEING.
   117 | D:1      | 117 ||| FLEEEEING.
   118 | D:1      | 118 ||| FLEEEEING.
   119 | D:1      | 119 ||| FLEEEEING.
   120 | D:1      | 120 ||| FLEEEEING.
   121 | D:1      | 121 ||| FLEEEEING.
   122 | D:1      | 122 ||| FLEEEEING.
   123 | D:1      | 123 ||| FLEEEEING.
   124 | D:1      | 124 ||| FLEEEEING.
   294 | D:1      | Found a faded altar of an unknown god.
   300 | D:1      | Reached XP level 2. HP: 16/16 MP: 4/4
   306 | D:1      | Reached skill level 6 in Ranged Weapons
   810 | D:1      | 810 ||| UPGRADING to +1 robe of fire resistance.
   820 | D:1      | 820 ||| DROPPING +0 leather armour.
   821 | D:1      | 821 ||| UPGRADING to +0 ring mail.
   831 | D:1      | 831 ||| UPGRADING to ring of poison resistance.
   832 | D:1      | 832 ||| READING scroll labelled VIVVUI ZASHEO.
   833 | D:1      | 833 ||| READING scroll labelled GIPOMI JUWITA.
   838 | D:1      | 838 ||| READING 2 scrolls labelled FALOTTO MOFEFE.
   839 | D:1      | 839 ||| DRINKING 3 orange potions.
   840 | D:1      | 840 ||| DROPPING scroll of butterflies.
   841 | D:1      | 841 ||| DROPPING 2 potions of degeneration.
   972 | D:2      | Reached skill level 7 in Ranged Weapons
   972 | D:2      | Reached XP level 3. HP: 12/20 MP: 5/5
  1110 | D:2      | Reached XP level 4. HP: 25/25 MP: 6/6
  1623 | D:2      | 1623 ||| UPGRADING to scarf of resistance.
  1628 | D:2      | 1628 ||| READING 3 scrolls labelled ORUOWAAJEO.
  1629 | D:2      | 1629 ||| READING 2 scrolls of enchant armour.
  1629 | D:2      | 1629 ||| ENCHANTING +0 ring mail.
  1630 | D:2      | 1630 ||| READING scroll of enchant armour.
  1630 | D:2      | 1630 ||| ENCHANTING +1 ring mail.
  1631 | D:2      | 1631 ||| DRINKING 2 ruby potions.
  1632 | D:2      | 1632 ||| READING 2 scrolls of identify.
  1632 | D:2      | 1632 ||| IDENTIFYING bubbling grey potion
  1633 | D:2      | 1633 ||| DROPPING potion of attraction.
  1634 | D:2      | 1634 ||| DROPPING potion of invisibility.
  1693 | D:3      | Noticed Sigmund
  1707 | D:3      | HP: 3/25 [orc priest/nerve-wracking pain (8)]
  1707 | D:3      | Killed from afar by an orc priest

Levels and vault maps discovered:
D:1:      onia_arrival_mini_spirals, layout_basic,
          hellmonk_ecumenical_altar_inner_sanctum, minmay_ruptured
D:2:      layout_loops_ring
D:3:      layout_basic, glass_columns_b, kennysheep_generic_room_16,
          uniq_jessica, uniq_sigmund

Skill      XL: |  1  2 |
---------------+-------+-----
Ranged Weapons | 7 |  7.7
Fighting       | |  1.5
Dodging        | |  2.4
Stealth        | |  1.2

Action                     |  1- 3 |  4- 6 || total
---------------------------+-------+-------++-------
   Fire: Shortbow          |    74 |    41 ||   115
    Use: Scroll            |     3 |     4 ||     7
         Potion            |     1 |     1 ||     2
 Armour: Leather armour    |     5 |       ||     5
         Ring mail         |     2 |     3 ||     5
  Dodge: Dodged            |    14 |     7 ||    21

Table legend:
 A = Non-vault XP
 B = Vault XP
 C = Vault XP percentage of total XP
 D = Non-vault monster count
 E = Vault monster count
 F = Vault count percentage of total count
                 A         B        C        D         E       F
            +---------+---------+-------+---------+---------+-------
      Total |     127 |       2 |   1.6 |      42 |       2 |   4.5
            +---------+---------+-------+---------+---------+-------
        D:1 |      27 |       2 |   6.9 |      17 |       2 |  10.5
        D:2 |      89 |       0 |   0.0 |      20 |       0 |   0.0
        D:3 |      11 |       0 |   0.0 |       5 |       0 |   0.0
            +---------+---------+-------+---------+---------+-------
